 Dungeon Crawl Stone Soup version 0.25.1-4-g9407a263a5 (webtiles) character file.

Game seed: 13801320790481389261

4503 Clowwww the Cleaver (level 10, -7/76 HPs)
             Began as a Demonspawn Gladiator on Nov 27, 2020.
             Was a Priest of Okawaru.
             Mangled by a spiny frog (18 damage)
             ... on level 1 of the Lair of Beasts.
             The game lasted 00:36:22 (9652 turns).

Clowwww the Cleaver (Demonspawn Gladiator)          Turns: 9652, Time: 00:36:23

Health: -7/76      AC: 10    Str: 18    XL:     10   Next: 16%
Magic:  10/10      EV: 17    Int:  9    God:    Okawaru [***...]
Gold:   478        SH:  0    Dex: 24    Spells: 9/9 levels left

rFire    . . .     SeeInvis .   a - +1 war axe
rCold    . . .     Gourm    .   (no shield)
rNeg     . . .     Faith    .   b - +1 leather armour
rPois    .         Spirit   .   c - +0 helmet
rElec    .         Reflect  .   (no cloak)
rCorr    .         Harm     .   F - +0 pair of gloves {Dex+3}
MR       .....                  (no boots)
Stlth    +++.......             (no amulet)
HPRegen  0.22/turn              v - +6 ring of dexterity
MPRegen  0.12/turn              (no ring)

@: lethally poisoned (-7 -> -16)
A: claws 2, iridescent scales 2
a: Heroism, Renounce Religion


You were on level 1 of the Lair of Beasts.
You worshipped Okawaru.
Okawaru was most pleased with you.
You were hungry.

You visited 3 branches of the dungeon, and saw 10 of its levels.

You collected 478 gold pieces.

Inventory:

Hand Weapons
 a - a +1 war axe (weapon)
Missiles
 d - 7 javelins (quivered)
 r - 10 poisoned darts
Armour
 b - a +1 leather armour (worn)
 c - a +0 helmet (worn)
 s - +0 gold dragon scales
 C - a +1 hat
 F - a +0 pair of gloves of dexterity (worn)
Jewellery
 v - a +6 ring of dexterity (left hand)
Wands
 e - a wand of disintegration (13)
 k - a wand of polymorph (9)
 x - a wand of iceblast (9)
 y - a wand of clouds (14)
 G - a wand of acid (3)
Scrolls
 h - a scroll of enchant weapon
 i - 4 scrolls of remove curse
 l - 6 scrolls of teleportation
 q - 2 scrolls of amnesia
 t - a scroll of fog
 w - 3 scrolls of magic mapping
 D - a scroll of noise {unknown}
 E - a scroll of enchant armour
Potions
 g - 2 potions of flight
 j - 2 potions of lignification
 m - a potion of brilliance {unknown}
 n - 8 potions of curing
 o - 2 potions of berserk rage
 p - 3 potions of mutation {unknown}
 u - 2 potions of resistance
 z - a potion of stabbing {unknown}
 A - 2 potions of heal wounds {unknown}
 B - a potion of invisibility {unknown}
Comestibles
 f - 19 rations


   Skills:
 + Level 6.0 Fighting
 + Level 10.1 Axes
 + Level 2.4 Throwing
 + Level 4.0 Armour
 + Level 5.6 Dodging
 + Level 4.4 Stealth
 + Level 0.3 Evocations


You had 9 spell levels left.
You didn't know any spells.
Your spell library contained the following spells:

 Spells                   Type           Power        Failure   Level  Hunger
 Summon Small Mammal      Summ           #...         43%         1    ##.....
 Call Imp                 Summ           #.......     58%         2    ###....
 Call Canine Familiar     Summ           #.......     82%         3    ####...
 Summon Guardian Golem    Hex/Summ       #.......     82%         3    ####...
 Summon Ice Beast         Ice/Summ       #.......     99%         4    #####..
 Summon Lightning Spire   Summ/Air       #.......     99%         4    #####..
 Bolt of Magma            Conj/Fire/Erth #.........   100%        5    ######.
 Iskenderun's Battlesphe  Conj/Chrm      #.......     100%        5    ######.
 Iron Shot                Conj/Erth      #.........   100%        6    #######
 Orb of Destruction       Conj           #.........   100%        7    #######
 Spellforged Servitor     Conj/Summ      #.........   100%        7    #######


Dungeon Overview and Level Annotations

Branches:
Dungeon (8/15)             Temple (1/1) D:5            Lair (1/6) D:8

Altars:
Ashenzari
Cheibriados
Dithmenos
Elyvilon
Fedhas
Gozag
Hepliaklqana
Kikubaaqudgha
Makhleb
Nemelex Xobeh
Okawaru
Qazlal
Ru
Uskayaw
Vehumet
Wu Jian
Xom
Yredelemnul
Zin
The Shining One


Innate Abilities, Weirdness & Mutations

You have very sharp fingernails.
You are mostly covered in iridescent scales. (AC +4)


Message History

The spiny frog poisons you! The spiny frog closely misses you.
You hit the spiny frog.
The spiny frog is lightly wounded.
You feel sick. The spiny frog barely misses you.
You hit the spiny frog.
The spiny frog is moderately wounded.
You feel sick. The spiny frog closely misses you.
You hit the spiny frog.
The spiny frog is heavily wounded.
You feel sick. The spiny frog stings you!
You slash the spiny frog!
The spiny frog is severely wounded.
You feel sick. The spiny frog stings you!!
* * * LOW HITPOINT WARNING * * *
You slash the spiny frog!
The spiny frog is almost dead.
You feel sick. The spiny frog stings you.
* * * LOW HITPOINT WARNING * * *
The spiny frog stings you!!
You die...

##.#.#.#.#...#....
#P.#...#.#...#...#
#.......#...#....
##.....#.....#...# .
# #..#...#.#.......#
...
#.#P.#...#.....#...#
#..#.##.....#.P. .
#...>.#...# .#
##.F@.#.#....
#......#.#.#
.......#...# #
....#....#.....
....#....# #... ...
.....# .#. . ##.....
. .....#


You could see a spiny frog.

Vanquished Creatures
  A two-headed ogre (D:8)
  Sigmund (D:6)
  A human (D:8)
  3 water moccasins
  An orc warrior (D:8)
  A hornet zombie (D:8)
  A sky beast (D:8)
  4 ogres
  A phantom (D:8)
  4 centaurs
  A big kobold (D:5)
  8 bullfrogs
  3 scorpions
  8 wights
  2 crimson imps
  Crazy Yiuf (D:3)
  2 jellies
  7 hounds
  An orc priest (D:7)
  Jessica (D:3)
  Ijyb (D:3)
  6 worker ants
  2 iguanas
  8 orc wizards
  2 hound zombies
  A howler monkey zombie (D:6)
  11 adders
  5 shadow imps
  An ooze (D:4)
  2 adder skeletons
  2 dart slugs
  12 leopard geckos
  34 orcs
  4 ball pythons
  6 giant cockroaches
  3 goblins
  7 hobgoblins
  7 jackals
  11 kobolds
  3 quokkas
  6 bats
  3 frilled lizards
  2 jackal skeletons
  A leopard gecko zombie (D:7)
  A quokka skeleton (D:7)
  A quokka zombie (D:6)
  10 rats
204 creatures vanquished.

Vanquished Creatures (others)
  Natasha (D:3)
  A worm (D:3)
2 creatures vanquished.

Grand Total: 206 creatures vanquished

Notes
Turn   | Place    | Note
-------+----------+-------------------------------------------
     0 | D:1      | Clowwww the Demonspawn Gladiator began the quest for the
                  | Orb.
     0 | D:1      | Reached XP level 1. HP: 16/16 MP: 1/1
    61 | D:1      | Reached skill level 3 in Axes
   182 | D:1      | Gained mutation: You are partially covered in iridescent
                  | scales. (AC +2) [demonic ancestry]
   182 | D:1      | Reached XP level 2. HP: 22/22 MP: 2/2
   617 | D:1      | Gained mutation: You have sharp fingernails. [demonic
                  | ancestry]
   617 | D:1      | Reached XP level 3. HP: 27/27 MP: 3/3
   978 | D:2      | Found a white marble altar of Elyvilon.
  1315 | D:2      | Found a snail-covered altar of Cheibriados.
  1394 | D:2      | Reached skill level 1 in Armour
  1394 | D:2      | Reached XP level 4. HP: 32/34 MP: 4/4
  2037 | D:3      | Reached skill level 4 in Axes
  2037 | D:3      | Reached XP level 5. HP: 39/39 MP: 5/5
  2136 | D:3      | Found a runed translucent door.
  2137 | D:3      | Noticed Crazy Yiuf
  2161 | D:3      | Killed Crazy Yiuf
  2414 | D:3      | Noticed Ijyb
  2424 | D:3      | Killed Ijyb
  2831 | D:3      | Noticed Natasha
  2836 | D:3      | Killed Natasha
  2839 | D:3      | Noticed Jessica
  2864 | D:3      | Killed Jessica
  3019 | D:3      | You fall into a shaft and drop 3 floors!
  3029 | D:6      | Reached XP level 6. HP: 45/47 MP: 6/6
  3036 | D:6      | Noticed Sigmund
  3038 | D:6      | Reached skill level 1 in Stealth
  3062 | D:5      | Entered Level 5 of the Dungeon
  3506 | D:4      | Reached skill level 5 in Axes
  3513 | D:4      | Reached XP level 7. HP: 32/52 MP: 7/7
  4210 | D:4      | Found a shimmering altar of Xom.
  4422 | D:5      | Found a glowing silver altar of Zin.
  4423 | D:5      | Found a staircase to the Ecumenical Temple.
  4436 | Temple   | Entered the Ecumenical Temple
  4520 | Temple   | Became a worshipper of Ru the Awakened
  4750 | D:5      | Fell from the grace of Ru
  4799 | D:5      | Reached skill level 6 in Axes
  5001 | D:5      | Found an ancient bone altar of Kikubaaqudgha.
  5050 | D:5      | Found a basalt altar of Yredelemnul.
  5050 | D:5      | Found a glowing silver altar of Zin.
  5051 | D:5      | Found a burning altar of Makhleb.
  5107 | D:5      | Reached XP level 8. HP: 39/60 MP: 8/8
  5358 | D:5      | Found an iron altar of Okawaru.
  5367 | D:5      | Became a worshipper of Warmaster Okawaru
  5971 | D:6      | Reached skill level 7 in Axes
  6463 | D:6      | Killed Sigmund
  6470 | D:6      | Reached * piety under Okawaru
  6887 | D:7      | Reached skill level 8 in Axes
  7171 | D:7      | Gained mutation: You are mostly covered in iridescent
                  | scales. (AC +4) [demonic ancestry]
  7171 | D:7      | Reached XP level 9. HP: 60/66 MP: 9/9
  7356 | D:7      | Reached ** piety under Okawaru
  7356 | D:7      | Reached skill level 5 in Fighting
  7880 | D:7      | Found a radiant altar of Vehumet.
  7880 | D:7      | Found a shadowy altar of Dithmenos.
  8097 | D:8      | Reached skill level 9 in Axes
  8353 | D:8      | Found a sparkling altar of Nemelex Xobeh.
  8457 | D:8      | Found a staircase to the Lair.
  8554 | D:8      | Reached skill level 5 in Dodging
  8968 | D:8      | Reached *** piety under Okawaru
  9120 | D:8      | Noticed a two-headed ogre
  9130 | D:8      | Killed a two-headed ogre
  9130 | D:8      | Gained mutation: You have very sharp fingernails. [demonic
                  | ancestry]
  9130 | D:8      | Reached XP level 10. HP: 37/76 MP: 10/10
  9158 | D:8      | Reached skill level 10 in Axes
  9481 | Lair:1   | Entered Level 1 of the Lair of Beasts
  9643 | Lair:1   | Noticed a spiny frog
  9652 | Lair:1   | Mangled by a spiny frog

Illustrated notes

Levels and vault maps discovered:
D:1:      dpeg_arrival_lava_altar, layout_loops_ring, minivault_14
D:2:      layout_loops_cross, overflow_temple_1_default,
          overflow_temple_1_default
D:3:      layout_basic, cheibrodos_sewer_entry_sluice, uniq_jessica,
          uniq_crazy_yiuf_cottage, uniq_ijyb, uniq_natasha
D:4:      layout_loops_corners, led_xom_imps
D:5:      layout_loops_ring, kiku_gazebo_garden_becter, old_standard_altar,
          gammafunk_temple_overflow_claw, minmay_temple_entry_offerings,
          first_ration, basic_altar
D:6:      layout_loops_ring, uniq_sigmund
D:7:      layout_basic, gammafunk_temple_overflow_wave
D:8:      layout_rooms, kennysheep_little_box, lair_entry_dummy, grunt_pizzeria
Temple:   compressed_dpeg_triangle_lava_temple
Lair:1:   layout_long_grid

Skill      XL: |  1  2  3  4  5  6  7  8  9 10 |
---------------+-------------------------------+-----
Axes           | 3 4 5 6 8 9 10 | 10.1
Dodging        | 3 4 5 |  5.6
Armour         | 1 2 3 4 |  4.0
Fighting       | 3 4 5 6 |  6.0
Stealth        | 1 2 3 4 |  4.4
Throwing       | 2 |  2.4
Evocations     | |  0.3

Action                   |  1- 3 |  4- 6 |  7- 9 | 10-12 || total
-------------------------+-------+-------+-------+-------++-------
Melee: War axe           |   111 |   157 |   392 |    30 ||   690
Throw: Throwing net      |       |     2 |     3 |       ||     5
       Boomerang         |       |       |     2 |       ||     2
       Dart              |       |       |    11 |       ||    11
Invok: Renounce Religion |       |       |     1 |       ||     1
Evoke: Wand              |       |       |     3 |       ||     3
  Use: Potion            |     2 |     1 |     2 |       ||     5
       Scroll            |       |       |    16 |       ||    16
 Stab: Sleeping          |     1 |     1 |    10 |       ||    12
       Held in net/web   |       |     1 |     1 |       ||     2
       Distracted        |       |       |     1 |       ||     1
  Eat: Chunk             |     2 |     7 |    18 |     1 ||    28
Armor: Leather armour    |    48 |    57 |    96 |     6 ||   207
Dodge: Dodged            |    75 |   123 |   329 |    31 ||   558
